 Dungeon Crawl Stone Soup version 0.26-a0-652-gafc20e3620 (webtiles) character file.

Game seed: 6122681734706534365

88 marklar909 the Sneak (level 4, -5/26 HPs)
             Began as a Kobold Enchanter on Oct 3, 2020.
             Was an Initiate of Ashenzari.
             Slain by a gnoll
             ... wielding a +0 halberd
              (16 damage)
             ... on level 3 of the Dungeon.
             The game lasted 00:05:49 (2575 turns).

marklar909 the Sneak (Kobold Enchanter)             Turns: 2575, Time: 00:05:49

Health: -5/26      AC:  3    Str:  6    XL:     4   Next: 82%
Magic:  5/7        EV: 15    Int: 16    God:    Ashenzari [......]
Gold:   88         SH:  0    Dex: 15    Spells: 5/8 levels left

rFire    . . .     SeeInvis +   s - +1 dagger (venom)
rCold    . . .     Faith    .   (shield restricted)
rNeg     . . .     Spirit   .   b - +0 robe
rPois    .         Reflect  .   (no helmet)
rElec    .         Harm     .   (no cloak)
rCorr    .         Rampage  .   (no gloves)
MR       .....                  g - +0 pair of boots
Stlth    ++++......             (no amulet)
HPRegen  0.08/turn              h - ring of see invisible
MPRegen  0.10/turn              (no ring)

@: very slightly contaminated
A: small, nightstalker 3
a: Curse Item, Renounce Religion


You were on level 3 of the Dungeon.
You worshipped Ashenzari.
Ashenzari was noncommittal.
You visited 1 branch of the dungeon, and saw 3 of its levels.

You collected 88 gold pieces.

Inventory:

Hand Weapons
 s - a +1 dagger of venom (weapon)
Armour
 b - a +0 robe (worn)
 g - a +0 pair of boots (worn)
Jewellery
 h - a ring of see invisible (left hand)
 r - an uncursed amulet of faith
Wands
 m - a wand of paralysis (10)
Scrolls
 c - 2 scrolls of remove curse
 d - a scroll of identify {unknown}
 f - a scroll of enchant armour {unknown}
 j - a scroll of amnesia {unknown}
 l - 2 scrolls of blinking
 o - a scroll of magic mapping
 p - a scroll of fog {unknown}
Potions
 e - a potion of might {unknown}
 i - a potion of berserk rage {unknown}
 k - a potion of resistance {unknown}
 n - a potion of mutation {unknown}
 q - a potion of curing {unknown}


   Skills:
 * Level 1.7 Fighting
 + Level 1.9 Short Blades
 + Level 2.8 Dodging
 + Level 5.4 Stealth
 + Level 2.5 Spellcasting
 + Level 3.3 Hexes
 + Level 0.2 Ice Magic


You had 5 spell levels left.
You knew the following spells:

 Your Spells              Type           Power        Failure   Level
a - Corona                Hex            ##.....      4%          1
b - Ensorcelled Hibernat  Hex/Ice        #.....       14%         2

Your spell library contained the following spells:

 Spells                   Type           Power        Failure   Level
 Confusing Touch          Hex            ##......     14%         3
 Tukima's Dance           Hex            ##......     14%         3
 Dazzling Flash           Conj/Hex       #.....       28%         3


Dungeon Overview and Level Annotations

Branches:
Dungeon (3/15)

Altars:
Ashenzari


Innate Abilities, Weirdness & Mutations

You are small and have problems with some larger weapons.
You are completely attuned to the shadows.


Message History

A gnoll is nearby!
A gnoll is nearby!
A gnoll is nearby!
A gnoll is nearby!
A gnoll is nearby!
The gnoll shouts!
You hit the gnoll.
The gnoll is poisoned.
The gnoll is moderately wounded.
The gnoll hits you with a +0 halberd.
Casting: Ensorcelled Hibernation (safe; 14% risk of failure)
Confirm with . or Enter, or press ? or * to list all spells.
Aiming: Ensorcelled Hibernation (safe; 14% risk of failure)
Press: ? - help, Shift-Dir - straight line, f - gnoll
Aim: a gnoll, wielding a +0 halberd (moderately wounded, very poisoned, chance to defeat MR: 48%)
You miscast Ensorcelled Hibernation.
You are very lightly contaminated with residual magic.
Nothing appears to happen.
The gnoll hits you with a +0 halberd!
The gnoll hits you from afar with a +0 halberd!
Ouch! That really hurt!
You die...

#.#.#.....#
#....^....##
#######.###....#
...†.....##....#
####........<..#
#..'.............
#.##......g......
#.##.............
#.#.##......@......
#............#####
###..........#
#####........#####
.................#
####.###########)#
#....)............#.#
#.#####.#########.#)#
#.# #<..... #..).#


You could see a gnoll (very poisoned).

Vanquished Creatures
  An adder (D:2)
  3 gnolls (D:3)
  A worm (D:2)
  5 giant cockroaches
  5 goblins
  6 hobgoblins
  10 kobolds
  6 bats
  2 frilled lizards
  9 rats
48 creatures vanquished.

Notes
Turn   | Place    | Note
-------+----------+-------------------------------------------
     0 | D:1      | marklar909 the Kobold Enchanter began the quest for the
                  | Orb.
     0 | D:1      | Reached XP level 1. HP: 10/10 MP: 3/3
   483 | D:1      | Reached XP level 2. HP: 15/15 MP: 5/5
   496 | D:1      | Learned a level 2 spell: Ensorcelled Hibernation
   969 | D:1      | Reached XP level 3. HP: 19/19 MP: 6/6
  1449 | D:2      | Found a broken altar of Ashenzari.
  1456 | D:2      | Became a worshipper of Ashenzari the Shackled
  1556 | D:2      | Reached skill level 5 in Stealth
  1591 | D:2      | Found a faded altar of an unknown god.
  1676 | D:2      | Reached skill level 1 in Fighting
  1676 | D:2      | Reached XP level 4. HP: 20/25 MP: 0/7
  2128 | D:3      | Found a broken altar of Ashenzari.
  2575 | D:3      | Slain by a gnoll

Illustrated notes

Levels and vault maps discovered:
D:1:      saegor_arrival_miasma, layout_loops_ring
D:2:      layout_rooms, overflow_temple_1_default,
          chequers_ecumenical_altar_grove
D:3:      layout_basic, nicolae_overflow_hidden_temple,
          nicolae_ru_the_path_less_chosen, kennysheep_nondescript,
          ashenzari_altar_1

Skill      XL: |  1  2  3 |
---------------+----------+-----
Stealth        | 5 |  5.4
Fighting       | 1 |  1.7
Short Blades   | |  1.9
Dodging        | |  2.8
Spellcasting   | |  2.5
Hexes          | |  3.3
Ice Magic      | |  0.2

Action                   |  1- 3 |  4- 6 || total
-------------------------+-------+-------++-------
Melee: Dagger            |   119 |    19 ||   138
 Cast: Corona            |     4 |     1 ||     5
       Ensorcelled Hiber |    15 |     9 ||    24
  Use: Scroll            |       |     2 ||     2
 Stab: Sleeping          |    22 |    11 ||    33
       Distracted        |     1 |       ||     1
Armor: Robe              |    19 |       ||    19
Dodge: Dodged            |   106 |     9 ||   115

Table legend: (Time is in decaauts)
 A = Elapsed time spent in this place.
 B = Non-inter-level travel time spent in this place.
 C = Inter-level travel time spent in this place.
 D = Time resting spent in this place.
 E = Time spent auto-exploring this place.
 F = Levels seen in this place.
 G = Mean time per level.
                   A        B        C        D        E       F      G
               +--------+--------+--------+--------+--------+-----+--------+
         Total |   2564 |   2487 |     77 |    539 |   1489 |   3 |  854.7 |
       Dungeon |   2564 |   2487 |     77 |    539 |   1489 |   3 |  854.7 |
               +--------+--------+--------+--------+--------+-----+--------+

Top non-repeatable levels by time:
     D:1: 1437 daAuts
     D:2: 675 daAuts
     D:3: 451 daAuts
